 Dungeon Crawl Stone Soup version 0.24-a0-317-g5cb8de4 (webtiles) character file.

Game seed: 916986224707363214

11930 Hylith the Fighter (level 11, -1/147 HPs)
             Began as an Ogre Wizard on May 16, 2019.
             Was a Priest of Vehumet.
             Slain by a six-headed hydra (13 damage)
             ... on level 1 of the Lair of Beasts.
             The game lasted 00:56:11 (17821 turns).

Hylith the Fighter (Ogre Wizard)                   Turns: 17821, Time: 00:56:12

Health: -1/147     AC:  7    Str: 13    XL:     11   Next: 85%
Magic:  17/25      EV: 13    Int: 25    God:    Vehumet [***...]
Gold:   666        SH:  0    Dex:  7    Spells: 14/31 levels left

rFire    x . .     SeeInvis .   (weapon currently unavailable)
rCold    + + +     Gourm    .   (shield currently unavailable)
rNeg     . . .     Faith    .   (armour currently unavailable)
rPois    +         Spirit   .   (helmet currently unavailable)
rElec    .         Reflect  .   (cloak currently unavailable)
rCorr    .         Harm     .   (gloves unavailable)
MR       +....                  (boots unavailable)
Stlth    ++........             G - amulet of rage
HPRegen  0.34/turn              h - +3 ring of intelligence
MPRegen  0.19/turn              e - +3 ring of evasion

@: ice-form, very slightly contaminated
A: large, unfitting armour
a: End Transformation, Renounce Religion, Evoke Berserk Rage


You were on level 1 of the Lair of Beasts.
You worshipped Vehumet.
Vehumet was most pleased with you.
You were not hungry.
You were a creature of crystalline ice.
You visited 3 branches of the dungeon, and saw 13 of its levels.
You also visited: Sewer.

You collected 666 gold pieces.

Inventory:

Hand Weapons
 a - a +2 vampiric dagger
 v - a +2 flail of protection
 E - a +1 falchion of holy wrath
 L - the +1 mace "Zoinaam" (melded) {crush, rElec rC- Str+2 Int+9}
   (You found it on level 9 of the Dungeon)

   It inflicts extra damage upon your enemies.
   It affects your strength (+2).
   It affects your intelligence (+9).
   It makes you vulnerable to cold.
   It insulates you from electricity.
Missiles
 c - 4 silver boomerangs (quivered)
Armour
 n - a +2 hat (melded)
 r - a +1 shield (melded)
 N - a +1 robe of magic resistance (melded)
 T - +0 acid dragon scales
Magical Staves
 F - an uncursed staff of conjuration
Jewellery
 e - a +3 ring of evasion (right front paw)
 h - a +3 ring of intelligence (left front paw)
 l - an uncursed ring of wizardry
 o - an uncursed ring of protection from magic
 G - an amulet of rage (around neck)
 O - an uncursed ring of positive energy
Wands
 y - a wand of paralysis (10)
 J - a wand of scattershot (6)
 M - a wand of iceblast (8)
 P - a wand of disintegration (24)
 S - a wand of acid (12)
Scrolls
 f - 3 scrolls of amnesia
 g - 4 scrolls of remove curse
 i - 2 scrolls of fog {unknown}
 m - 3 scrolls of teleportation
 t - 2 scrolls of enchant weapon
 x - 10 scrolls of identify {unknown}
 A - 3 scrolls of enchant armour
 B - 4 scrolls of blinking {unknown}
 I - a scroll of holy word {unknown}
 K - a scroll of brand weapon {unknown}
 Q - a scroll of acquirement {unknown}
Potions
 b - 6 potions of curing
 j - 10 potions of heal wounds
 k - 2 potions of magic
 p - 2 potions of agility
 q - 2 potions of brilliance {unknown}
 s - 4 potions of degeneration {unknown}
 u - 2 potions of cancellation {unknown}
 w - a potion of flight {unknown}
 z - 2 potions of mutation {unknown}
 C - 3 potions of might {unknown}
 D - a potion of invisibility {unknown}
 H - 2 potions of berserk rage
 R - a potion of haste
Comestibles
 d - 15 rations


   Skills:
 + Level 12.0 Fighting
 - Level 2.0 Dodging
 - Level 2.0 Stealth
 + Level 8.1 Shields
 + Level 10.8 Spellcasting
 - Level 5.0 Conjurations
 - Level 2.0 Summonings
 - Level 2.2 Translocations
 + Level 3.9 Transmutations
 - Level 4.0 Evocations


You had 14 spell levels left.
You knew the following spells:

 Your Spells              Type           Power        Failure   Level  Hunger
a - Magic Dart            Conj           ####         1%          1    None
b - Blink                 Tloc           N/A          2%          2    None
c - Call Imp              Summ           ###.....     3%          2    None
d - Mephitic Cloud        Conj/Pois/Air  ###.....     1%          3    None
e - Slow                  Hex            ##......     7%          2    None
f - Apportation           Tloc           ###...       1%          1    None
g - Sticks to Snakes      Tmut           ####....     1%          2    None
i - Ice Form              Ice/Tmut       ###.....     21%         4    None

Your spell library contained the following spells:

 Spells                   Type           Power        Failure   Level  Hunger
 Dazzling Spray           Conj/Hex       ####..       1%          3    None
 Beastly Appendage        Tmut           ####..       1%          1    None
 Summon Small Mammal      Summ           ###.         1%          1    None
 Conjure Flame            Conj/Fire      ####....     1%          3    None
 Animate Skeleton         Necr           N/A          4%          1    None
 Confusing Touch          Hex            ##....       4%          1    None
 Spider Form              Tmut/Pois      ###.......   6%          3    None
 Blade Hands              Tmut           ####......   26%         5    ####...


Dungeon Overview and Level Annotations

Branches:
Dungeon (11/15)            Temple (1/1) D:6            Lair (1/6) D:10
    Orc (0/2) D:11

Altars:
Ashenzari
Cheibriados
Dithmenos
Elyvilon
Fedhas
Gozag
Kikubaaqudgha
Nemelex Xobeh
Qazlal
Ru
Trog
Uskayaw
Vehumet
Wu Jian
Xom
Zin
The Shining One

Annotations:
D:5 2 transporters
D:8 exclusion: door


Innate Abilities, Weirdness & Mutations

You are too large for most types of armour.
((You have tough skin. (AC +1)))


Message History

The six-headed hydra seems to slow down.
You freeze the six-headed hydra.
The six-headed hydra is severely wounded.
The six-headed hydra bites you. The six-headed hydra bites you!
* * * LOW HITPOINT WARNING * * *
The six-headed hydra barely misses you. The six-headed hydra bites you!
* * * LOW HITPOINT WARNING * * *
The six-headed hydra misses you. The six-headed hydra bites you!
* * * LOW HITPOINT WARNING * * *
Casting: Ice Form (slightly dangerous; 21% risk of failure)
Confirm with . or Enter, or press ? or * to list all spells.
You miscast Blink.
The air around you crackles with energy!
The six-headed hydra bites you.
* * * LOW HITPOINT WARNING * * *
The six-headed hydra bites you.
* * * LOW HITPOINT WARNING * * *
The six-headed hydra bites you but does no damage.
The six-headed hydra bites you!
You die...

#..# #...............
#..###...............
#..#................
#...P...............
#.....##............
#####.P.................
##....##.................
##......#D................
#.......#Y.....#..........
#.............##.#.....##..
.............######..... #.
...........### ##..
...........## #.
...............##
...............#
...............#
..............##


You could see a six-headed hydra.

Vanquished Creatures
  A two-headed ogre (D:11)
  Pikel (D:8)
  A cyclops (D:11)
  A black mamba (Lair:1)
  Psyche (D:8)
  A centaur zombie (D:6)
  A komodo dragon (Lair:1)
  A hornet (D:11)
  Grinder (D:3)
  5 hippogriffs
  4 hogs (D:11)
  A human (D:11)
  A wyvern (Lair:1)
  6 yaks (D:11)
  A hungry ghost (D:7)
  2 wargs (D:11)
  An acid dragon (D:11)
  A water moccasin (Lair:1)
  A porcupine (Lair:1)
  Duvessa (D:4)
  An orc warrior (D:11)
  7 ice beasts
  3 sky beasts
  A necrophage (D:8)
  3 phantoms
  4 slaves (D:8)
  6 ogres
  7 centaurs
  A crocodile (D:7)
  3 big kobolds
  6 bullfrogs
  Dowan (D:4)
  3 scorpions
  2 wights (D:11)
  4 killer bees
  3 howler monkeys
  A bullfrog zombie (D:10)
  5 crimson imps
  2 jellies
  2 bullfrog skeletons
  3 hounds
  4 orc wizards
  4 orc priests
  2 centaur skeletons
  4 iguanas
  13 worker ants
  A hound skeleton (D:8)
  A hound zombie (D:6)
  3 worker ant zombies
  9 adders
  6 gnolls
  6 shadow imps
  5 oozes
  2 adder skeletons (D:9)
  2 adder zombies
  3 worms
  2 dart slugs
  8 leopard geckos
  19 orcs
  11 bats
  6 giant cockroaches
  9 goblins
  4 hobgoblins
  14 jackals
  2 quokkas (D:4)
  8 ball pythons
  7 frilled lizards
  2 jackal skeletons
  A jackal zombie (D:5)
  32 kobolds
  11 rats
302 creatures vanquished.

Vanquished Creatures (collateral kills)
  Sigmund (D:4)
  A warg (D:11)
  A sky beast (D:10)
  An ice beast (D:8)
  An ogre (D:5)
  A necrophage (D:10)
  4 killer bees (D:9)
  A wight (D:11)
  A crimson imp (D:11)
  A quasit (D:10)
  An orc priest (D:10)
  A jelly (D:9)
  2 orc wizards (D:4)
  Terence (D:3)
  2 worker ants (D:4)
  3 adders
  An adder skeleton (D:9)
  A leopard gecko (D:3)
  7 orcs
  5 jackals (D:5)
37 creatures vanquished.

Grand Total: 339 creatures vanquished

Notes
Turn   | Place    | Note
-------+----------+-------------------------------------------
     0 | D:1      | Hylith the Ogre Wizard began the quest for the Orb.
     0 | D:1      | Reached XP level 1. HP: 16/16 MP: 5/5
   371 | D:1      | Reached XP level 2. HP: 15/24 MP: 0/7
   378 | D:1      | Learned a level 2 spell: Blink
   467 | D:1      | Reached skill level 1 in Conjurations
   642 | D:1      | Reached skill level 1 in Fighting
   721 | D:1      | Reached XP level 3. HP: 25/33 MP: 8/8
  1106 | D:2      | Reached skill level 2 in Fighting
  1171 | D:2      | Learned a level 2 spell: Call Imp
  1175 | D:2      | Learned a level 3 spell: Mephitic Cloud
  1253 | D:2      | Reached XP level 4. HP: 24/44 MP: 2/10
  1618 | D:2      | Reached skill level 1 in Summonings
  1618 | D:2      | Reached skill level 1 in Translocations
  1787 | D:2      | Found a hide-covered altar of Uskayaw.
  1806 | D:2      | Found a shattered altar of Ashenzari.
  1904 | D:2      | Reached skill level 3 in Fighting
  2325 | D:3      | Found a shadowy altar of Dithmenos.
  2398 | D:3      | Found a stormy altar of Qazlal.
  2427 | D:3      | Noticed Grinder
  2427 | D:3      | Paralysed by Grinder for 5 turns
  2438 | D:3      | Learned a level 2 spell: Slow
  2503 | D:3      | Noticed Terence
  2517 | D:3      | Killed Terence
  2517 | D:3      | Reached XP level 5. HP: 44/53 MP: 2/12
  2772 | D:3      | Paralysed by Grinder for 3 turns
  2787 | D:3      | Killed Grinder
  2787 | D:3      | Reached skill level 5 in Spellcasting
  2787 | D:3      | Reached XP level 6. HP: 46/62 MP: 3/13
  3143 | D:3      | Found a white marble altar of Elyvilon.
  3253 | D:4      | Noticed Sigmund
  3467 | D:4      | Reached skill level 4 in Fighting
  3473 | D:4      | Killed Sigmund
  3473 | D:4      | Reached skill level 1 in Shields
  3473 | D:4      | Reached XP level 7. HP: 38/71 MP: 3/14
  3604 | D:4      | Found a glowing drain.
  3608 | Sewer    | Entered a sewer
  3885 | Sewer    | Reached skill level 5 in Fighting
  4247 | D:4      | Reached XP level 8. HP: 81/81 MP: 15/17
  4386 | D:4      | Noticed Dowan
  4386 | D:4      | Noticed Duvessa
  4409 | D:4      | Killed Dowan
  4455 | D:4      | Killed Duvessa
  4617 | D:4      | Reached skill level 6 in Fighting
  4737 | D:5      | Entered Level 5 of the Dungeon
  5507 | D:5      | Found an opulent altar of Gozag.
  5675 | D:5      | Reached skill level 7 in Fighting
  5701 | D:5      | Found a shimmering altar of Xom.
  5777 | D:5      | Found a transporter.
  5855 | D:5      | Found a transporter.
  5988 | D:5      | Reached XP level 9. HP: 78/93 MP: 19/19
  6389 | D:6      | Learned a level 1 spell: Apportation
  6448 | D:6      | Found a staircase to the Ecumenical Temple.
  6463 | Temple   | Entered the Ecumenical Temple
  6471 | Temple   | Became a worshipper of Vehumet
  6591 | D:6      | Reached skill level 8 in Fighting
  7211 | D:7      | Reached skill level 5 in Shields
  7707 | D:7      | Reached skill level 5 in Conjurations
  8135 | D:7      | Found a snail-covered altar of Cheibriados.
  8254 | D:7      | Reached skill level 9 in Fighting
  8683 | D:7      | Reached XP level 10. HP: 77/107 MP: 14/22
  8911 | D:7      | Reached * piety under Vehumet
  8911 | D:7      | Offered knowledge of Sting by Vehumet.
  9029 | D:6      | Found a blossoming altar of Fedhas.
  9211 | D:8      | Noticed Psyche
  9641 | D:8      | Reached skill level 1 in Evocations
  9937 | D:8      | Reached skill level 10 in Fighting
 10300 | D:8      | Noticed Pikel
 10479 | D:8      | Killed Pikel
 10660 | D:8      | Killed Psyche
 11376 | D:9      | Offered knowledge of Throw Flame by Vehumet.
 11401 | D:9      | Got an ancient mace
 11402 | D:9      | Identified the +1 mace "Zoinaam" {crush, rElec rC- Str+2
                  | Int+9} (You found it on level 9 of the Dungeon)
 11447 | D:9      | Reached ** piety under Vehumet
 11830 | D:9      | Learned a level 2 spell: Sticks to Snakes
 12538 | D:10     | Entered Level 10 of the Dungeon
 12711 | D:10     | Reached skill level 1 in Transmutations
 12716 | D:10     | Reached XP level 11. HP: 73/116 MP: 24/24
 12724 | D:10     | Offered knowledge of Searing Ray by Vehumet.
 12724 | D:10     | Reached skill level 10 in Spellcasting
 12753 | D:10     | Found a staircase to the Lair.
 12963 | D:10     | Reached skill level 11 in Fighting
 13684 | D:11     | Noticed a two-headed ogre
 13952 | D:11     | Reached *** piety under Vehumet
 14484 | D:11     | Found a staircase to the Orcish Mines.
 15040 | D:11     | Killed a two-headed ogre
 15480 | D:11     | Offered knowledge of Dazzling Spray by Vehumet.
 16098 | D:11     | Noticed a cyclops
 16490 | D:11     | Killed a cyclops
 16665 | Lair:1   | Entered Level 1 of the Lair of Beasts
 17051 | D:10     | Learned a level 4 spell: Ice Form
 17540 | Lair:1   | Reached skill level 12 in Fighting
 17789 | Lair:1   | Noticed a six-headed hydra
 17821 | Lair:1   | Slain by a six-headed hydra

Levels and vault maps discovered:
D:1:      dpeg_chamrin_arrival_tetris, layout_basic, minmay_misc_feat_alley
D:2:      layout_rooms, ashenzari_altar_1, marbit_many_paths,
          minmay_crystal_room
D:3:      layout_basic, lemuel_round_altar, overflow_temple_1_default,
          lemuel_crystal_altar, uniq_grinder, uniq_terence
D:4:      layout_rooms, first_ration, gup_sewer_entry_spiral, minmay_pentangle,
          uniq_sigmund, uniq_duvessa
D:5:      gammafunk_wand_slinger, layout_basic, lemuel_crystal_altar,
          overflow_temple_1_default, chequers_serial_rivers_room_b
D:6:      lemuel_upstairs_altar, layout_basic,
          minmay_temple_entry_statues_fountains, nrook_loot_triangle
D:7:      layout_basic, cheibriados_altar_1
D:8:      layout_basic, uniq_psyche, uniq_pikel
D:9:      layout_loops_ring
D:10:     layout_cave_pods, lair_entry_dummy
D:11:     layout_basic, minmay_orc_entry_guard_dogs, grunt_livestock,
          kennysheep_nub, nicolae_straight_to_the_point
Temple:   eino_temple_lava
Lair:1:   layout_cave_pods

Skill      XL: |  1  2  3  4  5  6  7  8  9 10 11 |
---------------+----------------------------------+-----
Spellcasting   | 4 5 6 7 8 9 10 | 10.8
Conjurations   | 1 2 3 4 5 |  5.0
Fighting       | 1 2 3 4 5 7 9 10 12 | 12.0
Dodging        | 2 |  2.0
Stealth        | 2 |  2.0
Summonings     | 1 2 |  2.0
Translocations | 1 2 |  2.2
Shields        | 1 2 4 5 7 8 |  8.1
Evocations     | 3 4 |  4.0
Transmutations | 1 3 |  3.9

Action                   |  1- 3 |  4- 6 |  7- 9 | 10-12 || total
-------------------------+-------+-------+-------+-------++-------
Melee: Unarmed           |    39 |       |       |     7 ||    46
       Dagger            |    32 |       |       |       ||    32
       Whip              |    23 |   151 |       |       ||   174
       Flail             |       |    15 |   648 |   239 ||   902
       Mace              |       |       |       |   479 ||   479
 Cast: Magic Dart        |    47 |    28 |     9 |    63 ||   147
       Call Imp          |       |    18 |    16 |    79 ||   113
       Slow              |       |     2 |     9 |    28 ||    39
       Mephitic Cloud    |       |     2 |     9 |    56 ||    67
       Blink             |       |       |     3 |     7 ||    10
       Ice Form          |       |       |       |     1 ||     1
Evoke: Wand              |       |       |       |     3 ||     3
  Use: Potion            |       |     6 |     1 |     2 ||     9
       Scroll            |       |       |     7 |     1 ||     8
 Stab: Sleeping          |       |     4 |     6 |     1 ||    11
       Distracted        |       |     1 |       |     1 ||     2
       Confused          |       |       |     1 |     6 ||     7
  Eat: Chunk             |     1 |     7 |    17 |    16 ||    41
       Ration            |       |       |       |     7 ||     7
Armor: Robe              |    30 |    49 |   302 |   213 ||   594
       Skin              |       |       |       |     4 ||     4
Dodge: Dodged            |    90 |   159 |   480 |   436 ||  1165
Block: Shield            |       |       |   230 |   429 ||   659

Table legend:
 A = Non-vault XP
 B = Vault XP
 C = Vault XP percentage of total XP
 D = Non-vault monster count
 E = Vault monster count
 F = Vault count percentage of total count
                 A         B        C        D         E       F
            +---------+---------+-------+---------+---------+-------
      Total |   13789 |    3254 |  19.1 |     284 |      51 |  15.2
            +---------+---------+-------+---------+---------+-------
        D:1 |      47 |       0 |   0.0 |      27 |       0 |   0.0
        D:2 |     110 |       1 |   0.9 |      25 |       1 |   3.8
        D:3 |      27 |     243 |  90.0 |      17 |       2 |  10.5
        D:4 |     560 |     446 |  44.3 |      26 |      14 |  35.0
        D:5 |     693 |       0 |   0.0 |      35 |       0 |   0.0
        D:6 |    1170 |       0 |   0.0 |      19 |       0 |   0.0
        D:7 |    1468 |       0 |   0.0 |      19 |       0 |   0.0
        D:8 |    1712 |    1121 |  39.6 |      25 |       2 |   7.4
        D:9 |     856 |       0 |   0.0 |      27 |       0 |   0.0
       D:10 |    1157 |       0 |   0.0 |      19 |       0 |   0.0
       D:11 |    4194 |    1198 |  22.2 |      37 |       8 |  17.8
     Lair:1 |    1795 |       0 |   0.0 |       8 |       0 |   0.0
      Sewer |       0 |     245 | 100.0 |       0 |      24 | 100.0
            +---------+---------+-------+---------+---------+-------
